 Dungeon Crawl Stone Soup version 0.30-a0-122-g2a1322497e (webtiles) character file.

Game seed: 11205320229280647129

619406 Essalna the Petrodigitator (level 27, -8/199 HPs)
             Began as a Gargoyle Earth Elementalist on Sept 14, 2022.
             Was the Champion of Vehumet.
             Killed from afar by an iron giant (50 damage)
             ... with an iron shot
             ... on level 6 of the Iron City of Dis on Sept 16, 2022.
             The game lasted 03:49:47 (92496 turns).

Essalna the Petrodigitator (GrEE)                  Turns: 92496, Time: 03:49:47

Health: -8/199     AC: 41    Str: 15 (17) XL:     27
Magic:  8/58       EV: 10    Int: 29      God:    Vehumet [******]
Gold:   5724       SH: 15    Dex:  8      Spells: 18/52 levels left

rFire   . . .      SeeInvis +    t - staff of earth
rCold   x . .      Faith    .    e - +2 kite shield {AC+3}
rNeg    + + .      Spirit   .    h - +4 ring mail of Imacryri {rN+ MP+9 Stlth+}
rPois   ∞          Reflect  .    u - +0 helmet
rElec   +          Harm     .    C - +2 cloak {Will+}
rCorr   .          Rampage  .    T - +1 pair of gloves of the Quahog {Str+4 Stlth+}
Will    +++..                    n - +2 pair of boots {Stlth+}
Stlth   ++++......               Q - amulet of the Air {Inacc Air Fly rElec RMsl}
HPRegen 0.43/turn                b - ring of see invisible
MPRegen 0.36/turn                R - ring of magical power

@: flying, studying 5 skills, repel missiles, corroded, unable to drink
A: sickness immunity, AC +20, big wings, negative energy resistance 1,
electricity resistance, torment resistance 1, petrification resistance, clumsy
1, no potion heal 1, cold vulnerability 1, inability to drink after injury 1
}: 4/15 runes: barnacled, slimy, silver, gossamer
a: Renounce Religion


You were on level 6 of the Iron City of Dis.
You worshipped Vehumet.
Vehumet was exalted by your worship.
You visited 13 branches of the dungeon, and saw 57 of its levels.
You also visited: Ice Cave and Wizlab.

You collected 7138 gold pieces.
You spent 1414 gold pieces at shops.

Inventory:

Hand Weapons
 i - the +8 trishula "Condemnation" {holy, anguish, *Noise Fly rN+}
   (You found it on level 3 of the Crypt)

   It has been blessed by the Shining One to cause great damage to the undead
   and demons.
   It inflicts anguish, making its victims' attacks reflect back on them.
   rN:        It protects you from negative energy.
   Fly:       It grants you flight.
   *Noise:    It may make noises in combat.
Armour
 a - the +1 chain mail of Lagunautaff {Drain rElec Will+ Int+8}
   (You found it on level 5 of the Lair of Beasts)

   Int:       It affects your intelligence (+8).
   rElec:     It insulates you from electricity.
   Drain:     It drains your maximum health when unequipped.
   Will:      It increases your willpower.
 e - a +2 kite shield of protection (worn)
 h - the +4 ring mail of Imacryri (worn) {rN+ MP+9 Stlth+}
   (You found it on level 1 of the Lair of Beasts)

   rN:        It protects you from negative energy.
   MP:        It affects your magic capacity (+9).
   Stlth:     It makes you more stealthy.
 n - a +2 pair of boots of stealth (worn)
 r - a +1 hat of see invisible
 u - a +0 helmet (worn)
 v - a scarf of repulsion
 y - the +2 cloak of Mysticism {rN+ Str+6}
   (You found it on level 4 of the Vaults)

   Str:       It affects your strength (+6).
   rN:        It protects you from negative energy.
 C - a +2 cloak of willpower (worn)
 T - the +1 pair of gloves of the Quahog (worn) {Str+4 Stlth+}
   (You found it on level 5 of the Vaults)

   Str:       It affects your strength (+4).
   Stlth:     It makes you more stealthy.
 X - a +0 buckler of fire resistance
Magical Staves
 d - a staff of fire
 t - a staff of earth (weapon)
 N - a staff of conjuration
Jewellery
 b - a ring of see invisible (left hand)
 c - a ring of fire
 G - a +4 ring of evasion
 J - a ring of positive energy
 K - a ring of magical power
 P - a ring of resist corrosion
 Q - the amulet of the Air (around neck) {Inacc Air Fly rElec RMsl}
   (You found it on level 9 of the Dungeon)

   [amulet of nothing]

   It reduces the accuracy of all your attacks.
   It enhances your air magic.
   rElec:     It insulates you from electricity.
   Fly:       It grants you flight.
   RMsl:      It protects you from missiles.
 R - a ring of magical power (right hand)
 V - a +6 ring of intelligence
Wands
 L - a wand of digging (8)
Scrolls
 g - 7 scrolls of enchant weapon
 j - 8 scrolls of teleportation
 l - 11 scrolls of fog
 m - 6 scrolls of enchant armour
 p - 11 scrolls of magic mapping
 q - 10 scrolls of immolation
 A - a scroll of summoning
 E - 8 scrolls of amnesia
 I - 4 scrolls of fear
 M - 10 scrolls of poison
 W - a scroll of brand weapon
 Y - 5 scrolls of blinking
Potions
 f - 15 potions of mutation
 k - 7 potions of lignification
 o - 7 potions of invisibility
 s - 7 potions of ambrosia
 w - 11 potions of berserk rage
 x - 9 potions of attraction
 z - 12 potions of heal wounds
 B - 3 potions of resistance
 D - 7 potions of cancellation
 F - 30 potions of curing
 H - 8 potions of might
 O - 2 potions of magic
 U - 5 potions of brilliance
 Z - 7 potions of haste


   Skills:
 O Level 27 Fighting
 - Level 19.3 Armour
 - Level 1.5 Dodging
 - Level 2.1 Stealth
 - Level 17.1 Shields
 - Level 13.1 Spellcasting
 + Level 19.6 Conjurations
 - Level 0.7 Transmutations
 + Level 17.9 Fire Magic
 O Level 27 Earth Magic


You had 18 spell levels left.
You knew the following spells:

 Your Spells              Type           Power      Damage    Failure   Level
a - Sandblast             Erth           100%       2d20      0%          1
b - Stone Arrow           Conj/Erth      100%       3d13      0%          3
c - Fireball              Conj/Fire      45%        3d18      1%          5
d - Shatter               Erth           66%        3d49*     2%          9
e - Lee's Rapid Deconstr  Erth           66%        3d31*     0%          5
f - Lehudib's Crystal Sp  Conj/Erth      62%        10d14     1%          8
g - Kindle Blastsparks    Fire/Tloc/Air  100%       2d18      1%          3

Your spell library contained the following spells:

 Spells                   Type           Power      Damage    Failure   Level
 Maxwell's Capacitive Co  Air            14%        ∞         100%        8
 Magic Dart               Conj           100%       1d8       0%          1
 Scorch                   Fire           100%       2d10      0%          2
 Searing Ray              Conj           100%       2d8       0%          2
 Shock                    Conj/Air       100%       1d9       1%          1
 Passwall                 Tmut/Erth      82%        N/A       1%          2
 Static Discharge         Conj/Air       100%       3-10/arc  1%          2
 Inner Flame              Hex/Fire       63%        N/A       1%          3
 Mephitic Cloud           Conj/Pois/Air  71%        N/A       1%          3
 Flame Wave               Conj/Fire      91%        2d19      1%          4
 Iskenderun's Mystic Bla  Conj/Tloc      66%        2d14      1%          4
 Petrify                  Tmut/Erth      99%        N/A       1%          4
 Borgnjor's Vile Clutch   Necr/Erth      49%        N/A       1%          5
 Irradiate                Conj/Tmut      33%        3d22      1%          5
 Lightning Bolt           Conj/Air       42%        1d62      1%          5
 Iron Shot                Conj/Erth      62%        9d12      1%          6
 Starburst                Conj/Fire      45%        6d13      1%          6
 Orb of Destruction       Conj           46%        9d12      1%          7
 Poisonous Vapours        Pois/Air       56%        N/A       2%          2
 Freezing Cloud           Conj/Ice/Air   35%        6-21      3%          5
 Sting                    Tmut/Pois      84%        1d7       5%          1
 Apportation              Tloc           36%        N/A       6%          1
 Slow                     Hex            72%        N/A       6%          1
 Ensorcelled Hibernation  Hex/Ice        36%        N/A       10%         2
 Spider Form              Tmut/Pois      21%        N/A       17%         3
 Airstrike                Air            14%        2d(2-18)  17%         4
 Olgreb's Toxic Radiance  Pois           18%        N/A       17%         4
 Confusing Touch          Hex            18%        N/A       19%         3
 Gell's Gravitas          Tloc           18%        N/A       19%         3
 Lesser Beckoning         Tloc           18%        N/A       19%         3
 Summon Guardian Golem    Hex/Summ       18%        N/A       19%         3
 Swiftness                Air            28%        N/A       19%         3
 Teleport Other           Tloc           18%        N/A       19%         3
 Tukima's Dance           Hex            18%        N/A       19%         3
 Vampiric Draining        Necr           18%        2d7       19%         3
 Spellforged Servitor     Conj/Summ      33%        N/A       24%         7
 Yara's Violent Unravell  Hex/Tmut       10%        3d6       36%         5
 Ice Form                 Ice/Tmut       21%        N/A       50%         4
 Anguish                  Hex/Necr       9%         N/A       54%         4
 Cause Fear               Hex            9%         N/A       54%         4
 Passage of Golubria      Tloc           18%        N/A       54%         4
 Summon Ice Beast         Ice/Summ       18%        N/A       54%         4
 Fire Storm               Conj/Fire      45%        8d12      56%         9
 Blade Hands              Tmut           11%        N/A       78%         5
 Alistair's Intoxication  Tmut/Pois      14%        N/A       83%         5
 Metabolic Englaciation   Hex/Ice        9%         N/A       87%         5
 Summon Forest            Summ/Tloc      9%         N/A       87%         5
 Summon Mana Viper        Hex/Summ       18%        N/A       87%         5
 Eringya's Noxious Bog    Tmut/Pois      10%        N/A       88%         6
 Dispersal                Tloc           9%         N/A       100%        6
 Simulacrum               Ice/Necr       9%         N/A       100%        6
 Summon Cactus Giant      Summ           9%         N/A       100%        6
 Dragon Form              Tmut           11%        N/A       100%        7
 Enfeeble                 Hex            9%         N/A       100%        7
 Malign Gateway           Summ/Tloc      9%         N/A       100%        7
 Ozocubu's Refrigeration  Ice            9%         4d9       100%        7
 Discord                  Hex            9%         N/A       100%        8
 Disjunction              Tloc           9%         N/A       100%        8
 Summon Horrible Things   Summ           9%         N/A       100%        8
 Death's Door             Necr           9%         N/A       100%        9
 Dragon's Call            Summ           9%         N/A       100%        9
 Polar Vortex             Ice            9%         N/A       100%        9
 Statue Form              Tmut/Erth      Unusable   N/A       N/A         6
 Cigotuvi's Dreadful Rot  Necr/Pois/Air  Unusable   N/A       N/A         2

Dungeon Overview and Level Annotations

Branches:
Dungeon (15/15)            Temple (1/1) D:7            Lair (5/5) D:11
 Shoals (4/4) Lair:3       Spider (4/4) Lair:3        Slime (5/5) Lair:4
    Orc (2/2) D:11            Elf (3/3) Orc:2        Vaults (5/5) D:13
  Crypt (3/3) Vaults:2       Tomb (0/3) Crypt:3      Depths (4/4) D:15
   Hell (visited)             Dis (6/7) Hell            Geh (0/7) Hell
    Coc (0/7) Hell            Tar (0/7) Hell            Zot (0/5) Depths:4
  IceCv (visited)          WizLab (visited)

Altars:
Ashenzari
Dithmenos
Elyvilon
Fedhas
Gozag
Hepliaklqana
Kikubaaqudgha
Makhleb
Nemelex Xobeh
Okawaru
Qazlal
Ru
Sif Muna
Trog
Uskayaw
Vehumet
Xom
Yredelemnul
Zin
The Shining One
Jiyva
Lugonu

Shops:
D:3 (   D:6 !*   Orc:1 (   Orc:2 !*(!(   Elf:2 *=?   Elf:3 :   Vaults:1 [
Vaults:4 *

Portals:
Hell: Depths:1 Depths:2 Depths:3 Depths:4
Abyss: Lair:5 Depths:3 Depths:4
Pandemonium: Depths:2
Ziggurat: Depths:2
Trove: Vaults:3 (give +7 demon trident)

Annotations:
D:7 exclusion: oklob sapling
D:14 1 transporter
D:15 1 transporter
Slime:5 Royal Jelly
Elf:2 3 runed translucent doors


Innate Abilities, Weirdness & Mutations

You are immune to sickness and miasma.
Your stone body is resilient. (AC +20)
You are immune to poison.
Your large and strong wings let you fly.
You resist negative energy. (rN+)
You are resistant to electric shocks. (rElec)
You are resistant to unholy torment.
You are immune to petrification.
You are clumsy. (Dex -2)
Potions are less effective at restoring your health.
You are vulnerable to cold. (rC-)
You occasionally lose the ability to drink potions when taking damage.


Message History

Casting: Shatter (dangerous; 3% risk of failure)
Confirm with . or Enter, or press ? or * to list all spells.
You feel a surge of power!
The dungeon rumbles!
The iron golem is heavily damaged.
The iron giant is heavily wounded.
The iron golem is heavily damaged.
You destroy the iron golem!
Vehumet accepts your kill.
You feel your power returning.
Ka-crash!
The iron golem barely misses you. You block the iron golem's attack.
The iron giant fires a harpoon shot at you.
The harpoon shot hits you!!
You are yanked forward by the harpoon shot.
Casting: Shatter (dangerous; 3% risk of failure)
Confirm with . or Enter, or press ? or * to list all spells.
You feel a surge of power!
The dungeon rumbles!
The iron giant is severely wounded.
You destroy the iron golem!
Vehumet accepts your kill.
You feel your power returning.
You destroy the iron golem!
Vehumet accepts your kill.
You feel your power returning.
Ka-crash!
You block the iron giant's attack.
You feel your strength returning.
Casting: Shatter (dangerous; 2% risk of failure)
Confirm with . or Enter, or press ? or * to list all spells.
You don't have enough magic to cast this spell.
The iron giant attacks as you move away!
The iron giant hits you with a +0 giant spiked club!!
* * * LOW HITPOINT WARNING * * *
The iron giant fires a harpoon shot at you.
The harpoon shot misses you. The iron giant casts a spell at you.
The iron shot hits you!!!
You feel threatened and lose the ability to drink potions!
You die...

....).#.........
................
..............###
................#
.........^......###
........∩.........#
.............C....#
.#....#.........###
......#.....##..@#
.##.#....#...#####
# #.####....## ##
.#..... ##.##.#. ##
#####


You could see an iron giant.

Vanquished Creatures
  2 dread liches (Vaults:5)
  4 ancient liches
  A juggernaut (Depths:2)
  Frederick (Vaults:3)
  Parghit (Depths:4)
  Margery (Depths:4)
  Geryon (Hell)
  Nikola (Shoals:1)
  7 caustic shrikes
  A curse toe (Crypt:2)
  3 golden dragons
  Jory (Depths:4)
  A bone dragon (Vaults:2)
  2 iron giants
  3 tentacled monstrosities
  Jorgrun (D:13)
  11 Hell Sentinels
  Rupert (D:13)
  4 liches
  2 deep elf blademasters (Elf:3)
  4 searing wretches (Hell)
  2 deep elf master archers (Elf:3)
  6 titans
  3 quicksilver dragons
  A shard shrike skeleton (Crypt:2)
  Murray (Hell)
  An eldritch tentacle (WizLab)
  Frances (D:13)
  Polyphemus (Shoals:2)
  22 ancient champions
  20 acid blobs
  A tentacled starspawn (WizLab)
  A sphinx (Depths:1)
  Agnes (Elf:2)
  Donald (Spider:3)
  5 tengu reavers
  Kirke (Spider:2)
  2 storm dragons (Vaults:5)
  A draconian monk (Depths:4)
  15 azure jellies
  17 rockslimes
  Roxanne (D:15)
  Ilsuiw (Shoals:2)
  3 shadow dragons
  8 frost giants
  The ghost of Vive the Geomancer, an adept GrEE of Vehumet (Spider:3)
  5 deep elf sorcerers
  10 fire giants
  3 quicksilver elementals
  8 emperor scorpions
  3 ghost moths
  An iron dragon (Dis:1)
  The ghost of Ruophafu the Carver, a journeyman DsFi of Okawaru (Spider:3)
  Louise (Depths:4)
  A draconian scorcher (Depths:4)
  12 ghouls
  14 vault wardens
  7 deep elf elementalists (Elf:3)
  A caustic shrike zombie (Dis:2)
  4 curse skulls
  A balrug (Depths:1)
  3 orc warlords
  4 reapers
  13 quicksilver oozes
  11 very ugly things
  17 stone giants
  20 ironbound preservers
  11 war gargoyles
  A juggernaut skeleton (Crypt:3)
  5 broodmothers (Spider:4)
  9 ironbound thunderhulks
  2 deep elf demonologists (Elf:3)
  The ghost of Bikalo the Tortoise, a journeyman MiFi of Okawaru (Lair:4)
  3 white draconians
  15 vampire knights
  9 deep elf annihilators (Elf:3)
  2 grey draconians (Depths:4)
  2 purple draconians (Depths:4)
  Azrael (Orc:2)
  4 entropy weavers
  2 yellow draconians (Depths:4)
  15 dire elephants
  4 spark wasps
  4 blizzard demons
  9 eidola
  11 ettins
  15 iron golems
  15 merfolk impalers
  9 jiangshi
  7 fire dragons
  10 merfolk javelineers
  6 deep elf death magi
  The ghost of confidenceinterval the Martial Artist, a journeyman MfTm of Gozag (Lair:2)
  2 crystal guardians (Vaults:4)
  Josephine (D:13)
  14 great orbs of eyes
  5 deep elf high priests
  9 ice dragons
  3 spriggan zombies (Hell)
  14 yaktaur captains
  38 vault guards
  A jorogumo (Spider:3)
  3 rakshasas
  3 peacekeepers (Vaults:4)
  3 catoblepae
  6 ironbound frosthearts
  5 hydras
  3 spriggan air magi
  4 merfolk avatars
  5 centaur warriors
  A stoker (Hell)
  A two-headed ogre (D:12)
  3 death knights
  An ogre mage (Vaults:5)
  34 dancing weapons
  5 merfolk aquamancers
  3 radroaches
  7 boulder beetles
  A death scarab (Spider:2)
  9 tengu warriors
  7 deep troll earth magi
  4 satyrs
  8 spriggan berserkers
  8 deep troll shamans
  3 hell hogs (Depths:1)
  7 vampire magi
  Urug (D:13)
  10 soul eaters
  3 thrashing horrors
  An orc high priest (Orc:1)
  10 death yaks
  Amaemon (Lair:2)
  16 hell knights
  7 sun demons
  23 deep elf knights
  5 iron trolls
  2 storm dragon zombies
  3 crystal echidnas
  37 skeletal warriors
  A titan skeleton (Crypt:1)
  A fire crab (Lair:2)
  A sun moth (Spider:4)
  8 pharaoh ants
  5 shadow wraiths
  8 steelbarb worms
  2 large abominations (Lair:5)
  A quicksilver dragon simulacrum (Crypt:1)
  12 sea snakes
  A bog body (Crypt:1)
  A sea snake (shapeshifter) (Vaults:5)
  A spark wasp zombie (Hell)
  An obsidian statue (WizLab)
  3 glowing orange brains
  72 deep trolls
  19 deep elf archers
  A lindwurm (shapeshifter) (Vaults:5)
  10 phantasmal warriors
  2 bunyip skeletons
  Pikel (D:8)
  7 flayed ghosts
  18 harpies
  2 lindwurms (Vaults:3)
  12 orb spiders
  A shadow dragon zombie (Crypt:2)
  13 orc knights
  2 orc sorcerers
  6 wizards
  29 deep elf zephyrmancers
  A mana viper (WizLab)
  12 necromancers
  31 ugly things
  32 deep elf pyromancers
  24 wolf spiders
  13 ironbound convokers
  A tengu skeleton (Vaults:3)
  17 fauns
  3 stone giant zombies
  6 shining eyes
  2 worldbinders (WizLab)
  2 iron dragon skeletons
  5 moths of wrath
  2 fire giant zombies (Hell)
  An oklob plant (Lair:5)
  24 manticores
  12 cyclopes
  8 merfolk sirens
  A shadow dragon skeleton (Crypt:3)
  3 naga magi (D:15)
  3 rust devils
  A stone giant skeleton (Vaults:2)
  9 black mambas
  3 eyes of devastation
  2 ice statues (IceCv)
  16 vault sentinels
  A dire elephant skeleton (Crypt:1)
  14 elephants
  6 water nymphs
  3 centaur skeletons
  A titan simulacrum (Hell)
  An eye of devastation (shapeshifter) (Spider:3)
  6 cane toads
  7 smoke demons
  4 torpor snails
  A naga skeleton (Dis:2)
  3 orange demons
  2 unseen horrors
  A steelbarb worm zombie (Crypt:3)
  A demonspawn skeleton (WizLab)
  A minotaur zombie (Crypt:2)
  3 human zombies
  12 hellions
  2 rime drakes
  A catoblepas zombie (Crypt:3)
  36 yaktaurs
  12 demonic crawlers
  7 freezing wraiths
  A kobold demonologist (Depths:3)
  2 tengu conjurers
  8 komodo dragons
  A komodo dragon (shapeshifter) (D:12)
  9 ice devils
  2 anaconda simulacra (IceCv)
  2 harpy zombies (Crypt:1)
  13 tormentors
  4 ancient zymes
  A death yak skeleton (Crypt:1)
  A red devil (D:15)
  4 meliai
  A merfolk (shapeshifter) (Vaults:5)
  12 trolls
  43 merfolk
  A hellwing (D:15)
  2 burning bushes (Lair:3)
  A meliai (shapeshifter) (Lair:5)
  28 tarantellas
  A mana viper skeleton (Crypt:1)
  7 hornets
  3 polar bears (Lair:5)
  7 wind drakes
  A blink frog (shapeshifter) (D:15)
  3 harpy skeletons
  120 slime creatures
  Prince Ribbit (D:6)
  2 death drake skeletons
  A queen bee (Spider:3)
  21 blink frogs
  8 snapping turtles
  A human skeleton (Vaults:3)
  A hornet (shapeshifter) (Vaults:5)
  13 dream sheep
  A raiju (shapeshifter) (Lair:5)
  4 air elementals
  17 flying skulls
  A vampire (D:11)
  35 jumping spiders
  2 centaur simulacra
  18 culicivoras
  An ettin zombie (Hell)
  A shadow (D:11)
  5 wyverns
  A black mamba skeleton (Crypt:3)
  An ettin skeleton (Crypt:3)
  8 spriggans
  15 water elementals
  An alligator skeleton (Crypt:2)
  2 dire elephant simulacra (IceCv)
  63 yaks
  10 wraiths
  4 ynoxinuls
  A wind drake zombie (Crypt:3)
  6 fire elementals
  16 humans
  8 basilisks
  2 hogs (Spider:2)
  A yaktaur simulacrum (Vaults:2)
  2 chaos spawn (Lair:5)
  15 golden eyes
  3 neqoxecs (D:15)
  7 vampire mosquitoes
  Menkaure (D:4)
  78 redbacks
  3 steam dragons
  A glowing shapeshifter zombie (Vaults:2)
  11 wargs
  3 harpy simulacra (IceCv)
  3 spatial vortices (WizLab)
  2 naga zombies (Dis:2)
  5 water moccasins
  7 acid dragons
  3 hydra simulacra (IceCv)
  2 hell hounds (Orc:2)
  12 small abominations
  A black bear (shapeshifter) (Lair:5)
  A sky beast (D:7)
  37 orc warriors
  A meliai simulacrum (D:15)
  A snapping turtle zombie (Crypt:2)
  2 ice beasts
  9 ogres
  2 black bears
  An elephant skeleton (Crypt:3)
  6 wolves (Lair:4)
  4 lemures
  23 centaurs
  9 kobold brigands
  A phantom (D:6)
  A salamander zombie (Crypt:2)
  16 bullfrogs
  Blork the orc (D:6)
  10 necrophages
  A gnoll sergeant (D:11)
  A draconian skeleton (Crypt:3)
  A two-headed ogre simulacrum (IceCv)
  5 earth elementals
  3 scorpions
  An elf skeleton (Crypt:3)
  8 wights
  A water moccasin skeleton (Crypt:2)
  2 human simulacra (Vaults:2)
  40 killer bees
  A troll skeleton (Crypt:1)
  A killer bee (shapeshifter) (Vaults:5)
  3 vampire bats (D:6)
  An electric eel (Lair:3)
  3 howler monkeys
  A centaur zombie (D:6)
  2 quasits (WizLab)
  15 orc priests
  4 jellies
  5 hounds
  Jessica (D:2)
  4 iguanas
  Ijyb (D:3)
  18 orc wizards
  4 hell rats (Hell)
  A boggart skeleton (Crypt:1)
  A spriggan simulacrum (IceCv)
  A hound zombie (Crypt:3)
  Robin (D:2)
  A howler monkey zombie (D:6)
  8 gnolls
  10 adders
  A naga simulacrum (IceCv)
  2 shadow imps
  14 white imps
  An ufetubus (D:5)
  4 worms
  3 dart slugs
  87 orcs
  4 bats
  3 bat skeletons (D:6)
  3 bat zombies (D:6)
  6 endoplasms
  4 giant cockroaches
  7 goblins (D:2)
  5 hobgoblins
  10 jackals
  8 quokkas
  6 ball pythons
  5 frilled lizards
  A frilled lizard skeleton (Crypt:1)
  A jackal zombie (Crypt:2)
  29 kobolds
  4 rats
  4 fire vortices (Hell)
  2 lurking horrors (WizLab)
  A starspawn tentacle (WizLab)
2622 creatures vanquished.

Vanquished Creatures (others)
  A deep elf knight (Elf:2)
  A water nymph (Shoals:2)
  2 water elementals (Shoals:2)
  An orc wizard (Orc:2)
  53 fungi
  139 plants
  A starspawn tentacle (WizLab)
  4 tentacles (Shoals:2)
202 creatures vanquished.

Grand Total: 2824 creatures vanquished

Notes
Turn   | Place    | Note
-------+----------+-------------------------------------------
     0 | D:1      | Essalna the Gargoyle Earth Elementalist began the quest for
                  | the Orb.
     0 | D:1      | Reached XP level 1. HP: 10/10 MP: 3/3
   266 | D:1      | Reached skill level 1 in Fighting
   269 | D:1      | Reached XP level 2. HP: 14/16 MP: 5/5
   815 | D:1      | Reached XP level 3. HP: 20/21 MP: 2/6
   820 | D:1      | Learned a level 3 spell: Stone Arrow
  1209 | D:2      | Found a faded altar of an unknown god.
  1306 | D:2      | Noticed Jessica
  1618 | D:2      | Reached skill level 1 in Conjurations
  1618 | D:2      | Reached XP level 4. HP: 27/27 MP: 4/7
  1773 | D:2      | Killed Jessica
  1993 | D:2      | Reached skill level 5 in Earth Magic
  1993 | D:2      | Reached XP level 5. HP: 32/32 MP: 0/8
  2140 | D:2      | Noticed Robin
  2145 | D:2      | Reached skill level 1 in Armour
  2160 | D:2      | Killed Robin
  2634 | D:3      | Reached XP level 6. HP: 30/37 MP: 0/9
  2990 | D:4      | Noticed a black bear
  2997 | D:4      | Killed a black bear
  3172 | D:3      | Reached XP level 7. HP: 43/43 MP: 6/10
  3226 | D:3      | Noticed Ijyb
  3240 | D:3      | Killed Ijyb
  3404 | D:3      | Found Tas Ydgh's Weapon Boutique.
  3772 | D:4      | Found a white marble altar of Elyvilon.
  3963 | D:4      | Noticed Menkaure
  3967 | D:4      | Killed Menkaure
  4428 | D:5      | Entered Level 5 of the Dungeon
  4544 | D:5      | Found a hide-covered altar of Uskayaw.
  4581 | D:5      | Reached skill level 5 in Fighting
  4587 | D:5      | Reached XP level 8. HP: 5/49 MP: 2/12
  5091 | D:5      | Noticed a troll
  5681 | D:5      | Killed a troll
  5930 | D:5      | Found a sparkling altar of Nemelex Xobeh.
  6019 | D:6      | Found Xeprocin's Antique Weapon Emporium.
  6103 | D:6      | Noticed Prince Ribbit
  6108 | D:6      | Killed Prince Ribbit
  6109 | D:6      | Reached XP level 9. HP: 57/57 MP: 11/15
  6321 | D:6      | Noticed Blork the orc
  6325 | D:6      | Killed Blork the orc
  6395 | D:6      | Found a basalt altar of Yredelemnul.
  6464 | D:6      | Found Sohudd's Distillery.
  6634 | D:6      | Found Jupri's Assorted Antiques.
  6941 | D:6      | Found an ancient bone altar of Kikubaaqudgha.
  7127 | D:7      | Found the +7 Kryia's mail coat {PotionHeal*2 rC+}
  7222 | D:7      | Reached skill level 10 in Earth Magic
  7846 | D:7      | Found a staircase to the Ecumenical Temple.
  7867 | Temple   | Entered the Ecumenical Temple
  8047 | Temple   | Became a worshipper of Vehumet
  8499 | D:8      | Noticed Pikel
  8542 | D:8      | Killed Pikel
  8543 | D:8      | Reached XP level 10. HP: 53/68 MP: 5/16
  8613 | D:8      | Reached skill level 10 in Fighting
  9085 | D:8      | Reached * piety under Vehumet
  9085 | D:8      | Offered knowledge of Freeze by Vehumet.
  9527 | D:9      | Identified the +8 trident "Lyobos" {drain, rElec rPois
                  | Int+5}
  9575 | D:9      | Found the amulet of the Air {Inacc Air Fly rElec RMsl}
 10166 | D:9      | Reached ** piety under Vehumet
 10166 | D:9      | Offered knowledge of Scorch by Vehumet.
 10209 | D:9      | Reached XP level 11. HP: 56/76 MP: 12/17
 10503 | D:10     | Entered Level 10 of the Dungeon
 11420 | D:11     | Noticed a cyclops
 11433 | D:11     | Killed a cyclops
 11603 | D:11     | Found a staircase to the Lair.
 11623 | D:11     | Offered knowledge of Ignite Poison by Vehumet.
 11829 | D:11     | Noticed a cyclops
 11834 | D:11     | Killed a cyclops
 11867 | D:11     | Noticed a manticore
 11870 | D:11     | Killed a manticore
 11912 | D:11     | Found a staircase to the Orcish Mines.
 11929 | D:11     | Reached *** piety under Vehumet
 12481 | D:11     | Reached skill level 15 in Earth Magic
 12489 | D:11     | Offered knowledge of Sticky Flame by Vehumet.
 13028 | D:11     | Reached XP level 12. HP: 84/84 MP: 15/18
 13629 | Lair:1   | Entered Level 1 of the Lair of Beasts
 13662 | Lair:1   | Identified the +4 ring mail of Imacryri {rN+ MP+9 Stlth+}
 13709 | Lair:1   | Found a frozen archway.
 13719 | Lair:1   | Reached **** piety under Vehumet
 13731 | IceCv    | Entered an ice cave
 13795 | IceCv    | Offered knowledge of Iskenderun's Mystic Blast by Vehumet.
 14687 | IceCv    | Reached skill level 1 in Shields
 14799 | IceCv    | Noticed a reaper
 15193 | Lair:1   | Noticed a catoblepas
 15204 | Lair:1   | Killed a catoblepas
 15348 | Lair:1   | Reached skill level 15 in Fighting
 16377 | Lair:2   | Noticed Amaemon
 16434 | Lair:2   | Killed Amaemon
 16435 | Lair:2   | Reached XP level 13. HP: 79/92 MP: 10/19
 16754 | Lair:2   | Reached ***** piety under Vehumet
 17083 | Lair:2   | Offered knowledge of Fireball by Vehumet.
 17162 | Lair:2   | Learned a level 5 spell: Fireball
 17216 | Lair:2   | Found a runed translucent door.
 17216 | Lair:2   | Found a shimmering altar of Xom.
 17216 | Lair:2   | Noticed confidenceinterval's ghost (journeyman MfTm)
 18854 | Lair:3   | Identified the +3 short sword of Desperation {flame, rElec
                  | Str+4}
 19205 | Lair:3   | Found a hole to the Spider Nest.
 19694 | Lair:3   | Found a staircase to the Shoals.
 20258 | Lair:5   | Entered Level 5 of the Lair of Beasts
 20266 | Lair:5   | Gained mutation: Your large and strong wings let you fly.
                  | [Gargoyle growth]
 20266 | Lair:5   | Reached XP level 14. HP: 96/102 MP: 11/20
 21314 | Lair:4   | Found a runed translucent door.
 21315 | Lair:4   | Noticed Bikalo's ghost (journeyman MiFi)
 21343 | Lair:4   | Offered knowledge of Starburst by Vehumet.
 22006 | Lair:4   | Found a staircase to the Slime Pits.
 22548 | Lair:5   | Learned a level 6 spell: Starburst
 23444 | Lair:5   | Identified the +1 chain mail of Lagunautaff {Drain rElec
                  | Will+ Int+8}
 24665 | Lair:5   | Reached skill level 5 in Armour
 24757 | Lair:5   | Found a corrupted altar of Lugonu.
 24757 | Lair:5   | Found a one-way gate to the infinite horrors of the Abyss.
 24964 | Lair:4   | Killed Bikalo's ghost
 24965 | Lair:4   | Reached XP level 15. HP: 100/110 MP: 8/21
 25201 | Lair:2   | Killed confidenceinterval's ghost
 25580 | Orc:1    | Entered Level 1 of the Orcish Mines
 26011 | Orc:1    | Offered knowledge of Lee's Rapid Deconstruction by Vehumet.
 26018 | Orc:1    | Learned a level 5 spell: Lee's Rapid Deconstruction
 26073 | Orc:1    | Found a burning altar of Makhleb.
 26547 | Orc:1    | Found Jiorr's Antique Weapon Boutique.
 26927 | Orc:2    | Entered Level 2 of the Orcish Mines
 26966 | Orc:2    | Found a burning altar of Makhleb.
 27163 | Orc:2    | Noticed an orc warlord
 27332 | Orc:1    | Killed an orc warlord
 28395 | Orc:2    | Found Burph's Weapon Shop.
 28533 | Orc:2    | Noticed Azrael
 28549 | Orc:2    | Killed Azrael
 28549 | Orc:2    | Offered knowledge of Iskenderun's Battlesphere by Vehumet.
 28792 | Orc:2    | Found a staircase to the Elven Halls.
 28821 | Orc:2    | Found Vohuhoti's Antique Weapon Shoppe.
 28821 | Orc:2    | Found Bolanic's Assorted Antiques.
 28821 | Orc:2    | Found Keigg's Distillery.
 28824 | Orc:2    | Found Erocw's Distillery.
 29929 | D:13     | Noticed Urug
 29929 | D:13     | Noticed Rupert
 29929 | D:13     | Noticed Frances
 29929 | D:13     | Found a gate to the Vaults.
 30330 | D:13     | Paralysed by Rupert for 4 turns
 30338 | D:13     | HP: 3/111 [Rupert/+2 great mace of holy wrath (35)]
 30346 | D:13     | Found a glowing golden altar of the Shining One.
 30723 | D:13     | Paralysed by Rupert for 5 turns
 30737 | D:13     | Killed Rupert
 31001 | D:13     | Noticed Jorgrun
 31026 | D:13     | Killed Jorgrun
 31463 | D:13     | Killed Urug
 31807 | D:13     | Noticed Josephine
 31823 | D:13     | Killed Josephine
 31824 | D:13     | Killed Frances
 32433 | D:14     | Reached XP level 16. HP: 118/118 MP: 10/22
 33030 | D:14     | You are sucked into a shaft and drop 1 floor!
 33030 | D:15     | Entered Level 15 of the Dungeon
 33038 | D:15     | Found a transporter.
 33310 | D:14     | Offered knowledge of Conjure Ball Lightning by Vehumet.
 33570 | D:14     | Identified the +2 scale mail of Dramatic Exits {Harm rPois
                  | Int-3 Slay+5}
 33646 | D:14     | Found a transporter.
 34112 | D:15     | Upgraded the game from 0.30-a0-121-gb27577e5d9 to
                  | 0.30-a0-122-g2a1322497e
 34398 | D:15     | Gained mutation: You are vulnerable to cold. (rC-) [a
                  | neqoxec]
 34404 | D:15     | Gained mutation: You are robust. (+10% HP) [a neqoxec]
 34409 | D:15     | Gained mutation: You occasionally lose the ability to drink
                  | potions when taking damage. [a neqoxec]
 35012 | D:15     | Noticed Roxanne
 35018 | D:15     | Killed Roxanne
 35259 | D:15     | Found a staircase to the Depths.
 35436 | Shoals:1 | Entered Level 1 of the Shoals
 36989 | Shoals:1 | Noticed Nikola
 37001 | Shoals:1 | Killed Nikola
 37002 | Shoals:1 | Reached XP level 17. HP: 127/138 MP: 7/23
 37756 | Shoals:2 | Reached ****** piety under Vehumet
 37758 | Shoals:2 | Offered knowledge of Eringya's Noxious Bog by Vehumet.
 38147 | Shoals:2 | Noticed Polyphemus
 38216 | Shoals:2 | Noticed Ilsuiw
 38221 | Shoals:2 | Killed Polyphemus
 39810 | Shoals:2 | Noticed a kraken
 40079 | Shoals:4 | Entered Level 4 of the Shoals
 40888 | Shoals:2 | Killed Ilsuiw
 42068 | Shoals:4 | Offered knowledge of Lehudib's Crystal Spear by Vehumet.
 42858 | Shoals:4 | Reached XP level 18. HP: 149/149 MP: 2/24
 43812 | Shoals:4 | Reached skill level 5 in Spellcasting
 45050 | Shoals:4 | Got a barnacled rune of Zot
 45434 | Shoals:4 | Learned a level 8 spell: Lehudib's Crystal Spear
 45931 | Elf:1    | Entered Level 1 of the Elven Halls
 46950 | Elf:1    | Offered knowledge of Shatter by Vehumet.
 46950 | Elf:1    | Offered knowledge of Polar Vortex by Vehumet.
 46950 | Elf:1    | Offered knowledge of Maxwell's Capacitive Coupling by
                  | Vehumet.
 46962 | Elf:1    | Learned a level 9 spell: Shatter
 47646 | Elf:2    | Noticed Agnes
 47649 | Elf:2    | Killed Agnes
 47792 | Elf:2    | Found Senifya's Assorted Antiques.
 47794 | Elf:2    | Found Ziot's Jewellery Shop.
 47812 | Elf:2    | Reached skill level 10 in Spellcasting
 48285 | Elf:2    | Reached XP level 19. HP: 156/156 MP: 25/33
 48835 | Elf:2    | Found a runed translucent gate.
 48836 | Elf:2    | Found a runed translucent gate.
 48837 | Elf:2    | Found a runed translucent gate.
 49040 | Elf:2    | Reached skill level 5 in Shields
 49694 | Elf:2    | Found Bido's Magic Scroll Shoppe.
 49702 | Elf:2    | Bought a scroll of acquirement for 1092 gold pieces
 49708 | Elf:2    | Acquired 437 gold pieces
 49861 | Elf:3    | Entered Level 3 of the Elven Halls
 49866 | Elf:3    | Reached skill level 10 in Armour
 50608 | Elf:3    | Found Lezyu's Book Emporium.
 50851 | Elf:3    | Reached XP level 20. HP: 142/165 MP: 35/35
 50924 | Elf:3    | Identified the quicksilver dragon scales "Xutou" {-Cast rN+
                  | Will+ rCorr}
 50997 | Elf:3    | Got the Cyclopedia of the Figure and Creation
 51001 | Elf:3    | Identified the +1 plate armour of Eternal Vigilance {rElec
                  | Will+ Str-2 Dex+3}
 51044 | Elf:3    | Got the Volume of the Atmosphere
 51046 | Elf:3    | Got the Secrets of Lethal Filth
 51049 | Elf:3    | Identified the +5 sling "Spiderslayer" {speed, rCorr}
 51518 | Spider:1 | Entered Level 1 of the Spider Nest
 52603 | Spider:1 | You are sucked into a shaft and drop 1 floor!
 52955 | Spider:2 | Noticed Kirke
 52956 | Spider:2 | Killed Kirke
 53383 | Spider:2 | Identified the +0 ring mail of Fiuweh {rElec Int+4 Slay+2
                  | Stlth-}
 53926 | Spider:3 | Noticed Ruophafu's ghost (journeyman DsFi)
 53926 | Spider:3 | Found a runed translucent gate.
 53926 | Spider:3 | Found a runed translucent gate.
 53926 | Spider:3 | Found a runed translucent gate.
 53927 | Spider:3 | Noticed Vive's ghost (adept GrEE)
 53942 | Spider:3 | Noticed Donald
 53945 | Spider:3 | Killed Vive's ghost
 53945 | Spider:3 | Killed Donald
 53946 | Spider:3 | Killed Ruophafu's ghost
 55706 | Spider:4 | Entered Level 4 of the Spider Nest
 56447 | Spider:4 | Reached XP level 21. HP: 171/171 MP: 28/37
 57618 | Spider:4 | Reached skill level 10 in Shields
 57647 | Spider:4 | Got a gossamer rune of Zot
 57862 | Slime:1  | Entered Level 1 of the Pits of Slime
 58588 | Slime:2  | Lost mutation: You are robust. (+10% HP) [a shining eye]
 59943 | Vaults:1 | Entered Level 1 of the Vaults
 60011 | Vaults:1 | Reached skill level 1 in Fire Magic
 60538 | Vaults:1 | Paralysed by a great orb of eyes for 2 turns
 61096 | Vaults:1 | Found Xocsiffu's Armour Shop.
 61101 | Vaults:1 | Bought a +2 pair of boots of stealth for 322 gold pieces
 61842 | Vaults:2 | Reached skill level 5 in Conjurations
 61922 | Vaults:2 | Reached XP level 22. HP: 163/163 MP: 35/39
 61964 | Vaults:2 | Paralysed by a great orb of eyes for 4 turns
 61982 | Vaults:2 | Paralysed by a great orb of eyes for 5 turns
 61990 | Vaults:2 | Reached skill level 27 in Earth Magic
 62780 | Vaults:2 | Found a staircase to the Crypt.
 63121 | Crypt:1  | Entered Level 1 of the Crypt
 63459 | Crypt:1  | Reached skill level 5 in Fire Magic
 63495 | Crypt:1  | Found a magical portal.
 63517 | WizLab   | Entered The Roulette of Golubria
 63517 | WizLab   | Found a transporter.
 63530 | WizLab   | Found a corrupted altar of Lugonu.
 63540 | WizLab   | Found a transporter.
 63553 | WizLab   | Found a transporter.
 63553 | WizLab   | Found a transporter.
 63670 | WizLab   | Found a transporter.
 63712 | WizLab   | Identified the +1 cloak of the Harvest {Str+5}
 63794 | WizLab   | Found a transporter.
 63807 | WizLab   | Identified the +2 cloak of Femaogoh {Slay+3}
 63868 | WizLab   | Found a transporter.
 63917 | WizLab   | Found a transporter.
 63917 | WizLab   | Found a transporter.
 63986 | WizLab   | Found a transporter.
 63990 | WizLab   | Found a transporter.
 64022 | WizLab   | Found a corrupted altar of Lugonu.
 64062 | WizLab   | Found a transporter.
 64077 | WizLab   | Found a transporter.
 64134 | WizLab   | Found a transporter.
 64248 | WizLab   | Got Golubria's Papyrus of the Map
 64253 | WizLab   | Learned a level 3 spell: Kindle Blastsparks
 64345 | WizLab   | Found a transporter.
 64345 | WizLab   | Found a transporter.
 64439 | WizLab   | Found a corrupted altar of Lugonu.
 64446 | WizLab   | Found a transporter.
 64468 | WizLab   | Found a transporter.
 64659 | WizLab   | Found a transporter.
 64875 | WizLab   | Found a transporter.
 67076 | Crypt:2  | Reached XP level 23. HP: 165/170 MP: 21/40
 67806 | Crypt:3  | Entered Level 3 of the Crypt
 68087 | Crypt:3  | Noticed a curse toe
 68102 | Crypt:2  | Killed a curse toe
 68469 | Crypt:3  | Reached skill level 15 in Armour
 68470 | Crypt:3  | Noticed an ancient lich
 68471 | Crypt:3  | Killed an ancient lich
 68741 | Crypt:3  | Found the +8 trishula "Condemnation" {holy, anguish, *Noise
                  | Fly rN+}
 68783 | Crypt:3  | Identified the ring of Sycle {rPois Int+4}
 68785 | Crypt:3  | Noticed an ancient lich
 68785 | Crypt:3  | Noticed an ancient lich
 68789 | Crypt:3  | Killed an ancient lich
 68789 | Crypt:3  | Killed an ancient lich
 68802 | Crypt:3  | Got the Reference Book on Lethal Hurting
 68819 | Crypt:3  | Got the Papyrus of Terrestrial Confrontation
 69150 | Crypt:3  | Found a staircase to the Tomb.
 70053 | Vaults:3 | Found a portal to a secret trove of treasure.
 70474 | Vaults:3 | Reached skill level 10 in Conjurations
 71038 | Vaults:3 | Noticed Frederick
 71044 | Vaults:3 | Killed Frederick
 71771 | Vaults:4 | Reached XP level 24. HP: 159/178 MP: 40/40
 72110 | Vaults:4 | Paralysed by a sphinx for 2 turns
 72422 | Vaults:4 | Identified the +1 robe of Watchfulness {rF+ rC+ Str+2
                  | Dex+3}
 72440 | Vaults:4 | Identified the +2 cloak of Mysticism {rN+ Str+6}
 73783 | Vaults:4 | Found Wobuoh's General Store.
 73889 | Vaults:5 | Entered Level 5 of the Vaults
 73892 | Vaults:5 | Reached skill level 10 in Fire Magic
 73900 | Vaults:5 | Noticed a dread lich
 73903 | Vaults:5 | Killed a dread lich
 74050 | Vaults:5 | Reached skill level 15 in Shields
 74054 | Vaults:5 | Noticed a dread lich
 74056 | Vaults:5 | Killed a dread lich
 74380 | Vaults:5 | Reached XP level 25. HP: 185/185 MP: 38/40
 74989 | Vaults:5 | Identified the ring "Enyubb" {rC+ rN+}
 75131 | Vaults:5 | Identified the ring "Licseati" {rF+ Dex+4}
 75590 | Vaults:5 | Identified the +4 broad axe "Xyonoe Kiol" {vorpal, rCorr
                  | Str-3 Dex+4}
 75592 | Vaults:5 | Got the Directory of Polar Poison
 75814 | Vaults:5 | Identified the +1 pair of gloves of the Quahog {Str+4
                  | Stlth+}
 75951 | Vaults:5 | Identified the +2 hand axe "Fyssim" {flame, Str+4}
 76005 | Vaults:5 | Got a silver rune of Zot
 76123 | Vaults:5 | Identified the +2 pair of gloves of Pantheism {Slay+3}
 77813 | Slime:4  | Reached skill level 27 in Fighting
 78539 | Slime:5  | Entered Level 5 of the Pits of Slime
 78562 | Slime:5  | Noticed the Royal Jelly
 79509 | Slime:5  | Gained mutation: You are clumsy. (Dex -2) [a shining eye]
 79515 | Slime:5  | Gained mutation: Potions are less effective at restoring
                  | your health. [a shining eye]
 81444 | Slime:5  | Found a viscous altar of Jiyva.
 81502 | Slime:5  | Identified the amulet of Momuco {Acrobat rPois Dex+4
                  | Stlth+}
 81504 | Slime:5  | Got a slimy rune of Zot
 81508 | Slime:5  | Got the Catalogue of the Inferno and Evolution
 81512 | Slime:5  | Identified the +10 trident of Karma {vorpal, Str+4 Int+5
                  | Dex+4}
 81829 | Depths:1 | Entered Level 1 of the Depths
 81829 | Depths:1 | Found a corrupted altar of Lugonu.
 82672 | Depths:1 | Got Lugonu's Codex of Conjury
 82702 | Depths:1 | Found a shimmering blue altar of Sif Muna.
 83119 | Depths:1 | Reached XP level 26. HP: 184/193 MP: 35/40
 83218 | Depths:1 | Found a gateway to Hell.
 83746 | Hell     | Entered the Vestibule of Hell
 83746 | Hell     | Noticed Geryon
 84168 | Hell     | Noticed Murray
 84364 | Hell     | Killed Murray
 84989 | Depths:2 | Noticed a juggernaut
 84992 | Depths:2 | Killed a juggernaut
 84993 | Depths:2 | Reached skill level 15 in Conjurations
 85153 | Depths:2 | Found a one-way gateway to a ziggurat.
 85175 | Depths:2 | Found a one-way gate leading to the halls of Pandemonium.
 86896 | Depths:3 | Identified the +4 dagger of the Lumpy Lies {drain, Will++}
 87306 | Depths:4 | Entered Level 4 of the Depths
 87633 | Depths:4 | Noticed Parghit
 87634 | Depths:4 | Noticed Louise
 87635 | Depths:4 | Killed Parghit
 87636 | Depths:4 | Killed Louise
 87637 | Depths:4 | Noticed Margery
 87640 | Depths:4 | Killed Margery
 87642 | Depths:4 | Reached skill level 15 in Fire Magic
 88087 | Depths:4 | Noticed Jory
 88238 | Depths:4 | Killed Jory
 88243 | Depths:4 | Reached XP level 27. HP: 170/199 MP: 4/40
 89269 | Depths:4 | Found a gate to the Realm of Zot.
 89324 | Depths:4 | Found a broken altar of Ashenzari.
 89652 | Hell     | Killed Geryon
 89758 | Hell     | Found a gateway to the decaying netherworld of Tartarus.
 89836 | Hell     | Found a gateway to the ashen valley of Gehenna.
 89897 | Hell     | Found a gateway to the Iron City of Dis.
 89957 | Hell     | Found a gateway to the freezing wastes of Cocytus.
 90092 | Dis:1    | Entered Level 1 of the Iron City of Dis
 91262 | Dis:2    | Noticed an ancient lich
 91272 | Dis:2    | Killed an ancient lich
 92355 | Dis:3    | You are sucked into a shaft and drop 2 floors!
 92496 | Dis:6    | Killed from afar by an iron giant

Illustrated notes

Levels and vault maps discovered:
D:1:      shiori_arrival_maze, layout_basic
D:2:      cheibrodos_pilgrimage, layout_loops_corners,
          shapermc_ecumenical_altar_mp_ritualfount, uniq_jessica, uniq_robin
D:3:      layout_rooms, serial_shops, shop_fountains, eino_tiny_chamber,
          saegor_snake_ambush, uniq_ijyb
D:4:      layout_loops_cross, kennysheep_mini, uniq_menkaure
D:5:      layout_basic, mainiacjoe_overflow_catch_the_wave,
          grunt_decor_resistance, minivault_5
D:6:      layout_basic, lemuel_zombie_altar_yredelemnul,
          kennysheep_vampire_church, serial_shops, shop, shop,
          nicolae_shop_hallway_plus, chequers_garden, uniq_prince_ribbit1,
          uniq_blork_the_orc
D:7:      kennysheep_spiral_hall, layout_rooms, minmay_temple_entry_oklob,
          minmay_curled_crystal
D:8:      layout_loops_ring, uniq_pikel
D:9:      layout_cross, serial_column_ruins, column_ruins_hut,
          column_ruins_open_tiny, column_ruins_corridor_dead_end,
          column_ruins_columns_straight, column_ruins_grid_1, eino_tiny_chamber
D:10:     layout_loops_ring, nicolae_two_hexagons
D:11:     layout_stronghold, erik_lair_orcish_takeover,
          kennysheep_orc_monster_closet_entryway
D:12:     layout_loops_cross
D:13:     layout_irregular_city, david_vaults_3, minmay_misc_feat_five,
          nicolae_tso_swordbearing_angel, uniq_jorgrun, uniq_josephine,
          uniq_frances
D:14:     emtedronai_trogs_sanctum, layout_rooms
D:15:     grunt_enter_depths_magical_seal, layout_rooms, minmay_door_square,
          serial_demonic, serial_demonic_a, serial_demonic_c, serial_demonic_d,
          serial_demonic_e, nicolae_diode_basic, uniq_roxanne
Temple:   minmay_crystal_spiral_temple
Lair:1:   layout_gridlike, portal_ice_cave_entry_imps,
          infiniplex_staircase_pool_2, grunt_megastairs_4, lemuel_fruit_fields
Lair:2:   cheibrodos_lair_river_kwai, layout_loops_ring, ebering_ghost_xom,
          roderic_carrion_pond, uniq_amaemon
Lair:3:   dreamdust_cave_troll, layout_loops_ring, minmay_shoals_entry_hut,
          hellmonk_spider_entry_not_the_bees, dreamdust_mushroom_princess,
          evilmike_ambush [evilmike_ambush_outer_basic,
          evilmike_ambush_inner_wall_1], serial_bayou_shore_a,
          lemuel_fruit_tree, grunt_megastairs_2
Lair:4:   layout_hall_layers, minmay_slime_entry_pillars,
          ebering_ghost_inner_flame
Lair:5:   hellmonk_lair_end_abyssal_woods, layout_gridlike,
          nicolae_lair_yak_garden
Shoals:1: layout_shoals, uniq_nikola
Shoals:2: layout_shoals, uniq_polyphemus, uniq_ilsuiw
Shoals:3: layout_shoals, yaktaur_hedge
Shoals:4: shoals_end_grunt_ice, layout_shoals
Spider:1: layout_cave_pods
Spider:2: nicolae_spider_mines_3, uniq_kirke
Spider:3: nicolae_spider_corner, gammafunk_ghost_cemetery, special_room
          [special_room_bee], hellmonk_deceptive_appearances, uniq_donald
Spider:4: hellmonk_spider_rune_endless_swarm
Slime:1:  layout_caves
Slime:2:  layout_caves
Slime:3:  layout_caves
Slime:4:  layout_caves
Slime:5
Orc:1:    layout_caves, serial_shops, shop, basic_altar
Orc:2:    st_orc_rangers, layout_caves, serial_shops, nicolae_shop_behind_doors,
          bloody_makhleb, uniq_rupert, uniq_azrael
Elf:1:    layout_gridlike, hangedman_corner_corridor
Elf:2:    nicolae_elf_blades_splatter_lattice [nicolae_blade_little_rooms],
          layout_geoelf_octagon, serial_shops, shop, shop,
          nicolae_shop_overgrown_old_shop, uniq_agnes
Elf:3:    minmay_elf_hall_dome, layout_geoelf_diagonals, serial_shops,
          shop_coins
Vaults:1: v_rooms_1, hangedman_vaults_restitches, nicolae_vaults_back_hallway,
          vaults_room_octagon, ontoclasm_vaults_twist, nicolae_vaults_alarming,
          dpeg_vaults_monster_box, layout_vaults_omnigrid
Vaults:2: hangedman_vaults_impose, vaults_dpeg_ring, hangedman_vaults_locks,
          minmay_crypt_entry_nasty_monster, hangedman_vaults_river_flow,
          vaults_room_stairs_pillars, vaults_room_corners,
          hangedman_vaults_cutoff, vaults_dpeg_diagonal, v_misc_2,
          hangedman_vaults_slice, layout_vaults_chaotic_city
Vaults:3: nicolae_vaults_network_s, nicolae_vaults_network_star, v_pattern_4,
          hangedman_vaults_snaps, nicolae_vaults_yaktaur_gun_rack,
          vaults_dpeg_hooks, ontoclasm_vaults_pinch, nicolae_vaults_theta,
          nicolae_vaults_big_ls, nicolae_vaults_asterisk, vaults_room_door_ring,
          nicolae_vaults_rhombus_6, nicolae_vaults_specimen_jars,
          vaults_room_large_hall, ontoclasm_vaults_fault,
          layout_vaults_omnicross, enter_trove_2, uniq_frederick
Vaults:4: v_misc_13, nicolae_vaults_disjoint_gnomons,
          nicolae_vaults_know_your_exits, nicolae_vaults_angled_halls,
          nicolae_vaults_theta, grunt_vaults_trifunnel, grunt_vaults_diagonal,
          vaults_room_door_hall, v_misc_14, layout_vaults_ring, serial_shops,
          nicolae_lakefront_shop
Vaults:5
Crypt:1:  layout_rooms, lightli_enter_wizlab_magi_temple
Crypt:2:  layout_gridlike, grunt_megastairs_1
Crypt:3:  david_glass_crypt, layout_gridlike
Depths:1: layout_honeycomb, lemuel_blue_sif_altar, hellmouth_3,
          tgw_lugonu_bribe, kennysheep_random_hallway
Depths:2: minmay_bloctagon_deflated, layout_twisted_cross, enter_ziggurat_f,
          pan_entry, dk_noncrumbling_4, hell_entry
Depths:3: nicolae_cairo_tiling_large_dashed, layout_cave_shapes,
          marbit_kobold_abyss_entry, hangedman_coc_ice_floe
Depths:4: evilmike_zot_entry_gauntlet, layout_cave_pools, serial_column_ruins,
          column_ruins_circle_medium, column_ruins_columns_T,
          column_ruins_columns_dead_end, column_ruins_open_small,
          nicolae_abyss_entry_one_way_or_another, cheibrodos_ashenzari_chains,
          hell_entry, uniq_margery, uniq_josephina, uniq_parghit, uniq_jory
Hell
Dis:1:    layout_gridville, nicolae_hells_hurtin_island
Dis:2:    layout_gridville, special_room [special_room_morgue]
Dis:3:    layout_subdivisions, nicolae_dis_having_a_grate_time
Dis:5:    layout_subdivisions
Dis:6:    layout_subdivisions

Skill      XL: |  1  2  3  4  5  6  7  8  9 10 11 12 13 14 15 16 17 18 19 20 21 22 23 24 25 26 27 |
---------------+----------------------------------------------------------------------------------+-----
Fighting       | 1 2 3 4 5 7 9 11 13 15 17 18 19 21 22 23 24 25 26 27 | 27.0
Earth Magic    | 4 5 6 8 11 13 15 17 19 20 21 23 24 25 26 27 | 27.0
Conjurations   | 1 2 3 5 8 10 12 13 16 19 | 19.6
Armour         | 1 2 3 5 9 10 12 13 14 15 17 18 19 | 19.3
Spellcasting   | 3 4 10 11 12 13 | 13.1
Shields        | 4 7 9 11 12 13 15 16 17 | 17.1
Fire Magic     | 3 6 9 10 12 15 17 | 17.9
Dodging        | |  1.5
Stealth        | |  2.1
Transmutations | |  0.7

Action                   |  1- 3 |  4- 6 |  7- 9 | 10-12 | 13-15 | 16-18 | 19-21 | 22-24 | 25-27 || total
-------------------------+-------+-------+-------+-------+-------+-------+-------+-------+-------++-------
Melee: Dagger            |    23 |    11 |    16 |       |       |       |       |       |       ||    50
       Trident           |       |       |       |    46 |   232 |    28 |       |       |       ||   306
       Staff             |       |       |       |       |       |    62 |    32 |    73 |    98 ||   265
       Trishula          |       |       |       |       |       |       |       |       |    42 ||    42
 Cast: Sandblast         |    49 |    66 |   208 |   416 |   434 |   207 |    21 |    30 |    53 ||  1484
       Stone Arrow       |       |       |     7 |    72 |   587 |   337 |    58 |       |    13 ||  1074
       Lee's Rapid Decon |       |       |       |       |    30 |   326 |    70 |    18 |    97 ||   541
       Fireball          |       |       |       |       |     1 |       |       |     4 |     7 ||    12
       Shatter           |       |       |       |       |       |     9 |   307 |   409 |   520 ||  1245
       Kindle Blastspark |       |       |       |       |       |       |       |     4 |       ||     4
       Lehudib's Crystal |       |       |       |       |       |       |       |       |    23 ||    23
Evoke: Wand              |       |       |       |     4 |     4 |     6 |       |       |       ||    14
  Use: Potion            |     1 |     1 |       |       |     5 |     2 |     1 |     7 |     7 ||    24
       Scroll            |       |       |     3 |    13 |    16 |     6 |     4 |     2 |     7 ||    51
 Stab: Sleeping          |     1 |       |       |       |       |       |       |       |       ||     1
Armor: Robe              |    16 |       |       |       |       |       |       |       |       ||    16
       Leather armour    |       |    35 |    82 |   154 |       |       |       |       |       ||   271
       Ring mail         |       |       |       |   135 |   687 |   404 |   185 |   304 |   496 ||  2211
Dodge: Dodged            |    25 |    32 |    91 |   383 |   869 |   441 |   167 |   201 |   234 ||  2443
       Repelled          |       |       |       |    11 |    15 |    18 |     7 |     2 |    22 ||    75
Block: Buckler           |       |       |       |    43 |   374 |   213 |    87 |   119 |       ||   836
       Kite shield       |       |       |       |       |       |       |       |    47 |   407 ||   454

Table legend: (Time is in decaauts)
 A = Elapsed time spent in this place.
 B = Non-inter-level travel time spent in this place.
 C = Inter-level travel time spent in this place.
 D = Time resting spent in this place.
 E = Time spent auto-exploring this place.
 F = Levels seen in this place.
 G = Mean time per level.
                   A        B        C        D        E       F      G
               +--------+--------+--------+--------+--------+-----+--------+
         Total |  93637 |  89376 |   4261 |  14281 |  60421 |  59 | 1587.1 |
       Dungeon |  21661 |  20717 |    944 |   1847 |  15793 |  15 | 1444.1 |
        Temple |    250 |    181 |     69 |      0 |    145 |   1 |  250.0 |
          Lair |  11827 |  10825 |   1002 |    777 |   8145 |   5 | 2365.4 |
        Shoals |  10450 |   9930 |    520 |   1207 |   6637 |   4 | 2612.5 |
   Spider Nest |   6316 |   6062 |    254 |   1520 |   3615 |   4 | 1579.0 |
    Slime Pits |   6453 |   6178 |    275 |   3088 |   2427 |   5 | 1290.6 |
  Orcish Mines |   2972 |   2800 |    172 |    444 |   1805 |   2 | 1486.0 |
   Elven Halls |   5451 |   5211 |    240 |    310 |   4106 |   3 | 1817.0 |
        Vaults |  11176 |  10788 |    388 |   1283 |   7941 |   5 | 2235.2 |
         Crypt |   4517 |   4367 |    150 |    849 |   2738 |   3 | 1505.7 |
        Depths |   6608 |   6449 |    159 |   2624 |   3123 |   4 | 1652.0 |
          Hell |   1467 |   1454 |     13 |    332 |    755 |   1 | 1467.0 |
           Dis |   1921 |   1851 |     70 |      0 |   1426 |   5 |  384.2 |
      Ice Cave |   1158 |   1158 |      0 |      0 |    867 |   1 | 1158.0 |
        Wizlab |   1403 |   1403 |      0 |      0 |    898 |   1 | 1403.0 |
               +--------+--------+--------+--------+--------+-----+--------+

Top non-repeatable levels by time:
Shoals:1: 3848 daAuts
Vaults:4: 3465 daAuts
Shoals:4: 3259 daAuts
  Lair:4: 2662 daAuts
 Slime:4: 2547 daAuts
  Lair:2: 2541 daAuts
  Lair:5: 2520 daAuts
    D:11: 2418 daAuts
    D:15: 2362 daAuts
Vaults:3: 2272 daAuts
   Elf:2: 2170 daAuts
 Crypt:2: 2164 daAuts
  Lair:3: 2153 daAuts
Depths:3: 2126 daAuts
    D:13: 2049 daAuts
